 Dungeon Crawl Stone Soup version 0.24.0-13-gcf9b3192b9 (webtiles) character file.

Game seed: 18386888697771854939, levelgen mode: deterministic

2561 Arum the Skirmisher (level 9, -3/71 HPs)
             Began as a Demonspawn Gladiator on Nov 9, 2019.
             Was an Elder of Cheibriados.
             Slain by a warg (9 damage)
             ... on level 8 of the Dungeon.
             The game lasted 00:11:24 (7811 turns).

Arum the Skirmisher (Demonspawn Gladiator)          Turns: 7811, Time: 00:11:25

Health: -3/71      AC:  7    Str: 26    XL:     9   Next: 31%
Magic:  14/14      EV: 17    Int: 20    God:    Cheibriados [****..]
Gold:   550        SH:  0    Dex: 28    Spells: 8/8 levels left

rFire    . . .     SeeInvis .   a - +0 long sword
rCold    . . .     Gourm    .   (no shield)
rNeg     . . .     Faith    .   k - +0 ring mail
rPois    +         Spirit   .   (helmet restricted)
rElec    .         Reflect  .   q - +0 cloak
rCorr    .         Harm     .   j - +0 pair of gloves
MR       .....                  (no boots)
Stlth    +.........             v - amulet of regeneration
HPRegen  0.61/turn              c - ring of attention (curse)
MPRegen  0.14/turn              e - ring of poison resistance

@: very slow
A: antennae 2, thin skeletal structure 1, demonic guardian 1, powered by death 1
a: Bend Time, Temporal Distortion, Slouch, Renounce Religion


You were on level 8 of the Dungeon.
You worshipped Cheibriados.
Cheibriados was greatly pleased with you.
You were not hungry.

You visited 1 branch of the dungeon, and saw 8 of its levels.
You also visited: Sewer and Ossuary.

You collected 550 gold pieces.

Inventory:

Hand Weapons
 a - a +0 long sword (weapon)
Missiles
 d - 2 throwing nets (quivered)
Armour
 j - a +0 pair of gloves (worn)
 k - a +0 ring mail (worn)
 q - a +0 cloak (worn)
Jewellery
 c - a cursed ring of attention (left hand)
 e - a ring of poison resistance (right hand)
 n - an uncursed amulet of harm {unknown}
 t - an uncursed ring of ice
 v - an amulet of regeneration (around neck)
Scrolls
 b - 4 scrolls of teleportation
 g - 4 scrolls of remove curse
 h - 2 scrolls of fear
 i - a scroll of immolation {unknown}
 r - 2 scrolls of blinking {unknown}
 s - 4 scrolls of identify
 y - a scroll of enchant armour {unknown}
 B - a scroll of magic mapping
Potions
 l - 3 potions of curing
 m - 2 potions of agility
 o - a potion of degeneration {unknown}
 p - a potion of invisibility {unknown}
 u - a potion of haste {unknown}
 w - 2 potions of cancellation {unknown}
 x - a potion of lignification {unknown}
 z - a potion of magic {unknown}
Comestibles
 f - 10 rations
 A - 3 chunks of flesh


   Skills:
 + Level 6.9 Fighting
 + Level 6.6 Long Blades
 - Level 1.7 Throwing
 + Level 6.6 Dodging
 + Level 6.8 Invocations


You had 8 spell levels left.
You didn't know any spells.
Your spell library was empty.

Dungeon Overview and Level Annotations

Branches:
Dungeon (8/15)             Temple (0/1) D:6            Lair (0/6) D:8
  Sewer (visited)         Ossuary (visited)

Altars:
Cheibriados
Hepliaklqana
Kikubaaqudgha
Qazlal
Sif Muna
Uskayaw
Xom
Yredelemnul
The Shining One

Shops:
D:8 %


Innate Abilities, Weirdness & Mutations

You have a pair of antennae on your head.
You have a somewhat thin skeletal structure. (Dex +2, Stealth)
A weak demonic guardian rushes to your aid.
You regenerate a little health from kills.


Message History

Your quasit barely misses the orc warrior.
Your quasit claws the orc warrior but does no damage.
The warg closely misses you. The warg completely misses you.
You riposte.
You slash the warg!
The warg is moderately wounded.
Your quasit bites the orc warrior but does no damage.
Your quasit claws the orc warrior but does no damage. x2
The orc warrior throws a boomerang.
The boomerang completely misses you.
The weapon returns to the orc warrior!
The warg closely misses you.
Your quasit misses the orc warrior.
Your quasit claws the orc warrior but does no damage.
Your quasit completely misses the orc warrior.
The warg closely misses you. The warg bites you.
* * * LOW HITPOINT WARNING * * *
You fail to use your ability.
Your quasit barely misses the orc warrior.
Your quasit closely misses the orc warrior.
Your quasit barely misses the orc warrior.
The warg bites you!
You die...

...... #........>..
......P..... ##.#
....... ...# ........
...####.....###
..............# ##
.##.....###)).###.###
.......##.....oh@...#
...##.........oh###....#
...##........5..# ..#
###......<......#. .
##...........(.....#
.#..............#.##
.......#........##.#
.......#............
.......##.........#


You could see 2 wargs, an orc warrior, an orc and a friendly quasit.

Vanquished Creatures
  2 water moccasins
  2 phantoms
  3 bullfrogs
  An elf skeleton (D:7)
  A wyvern skeleton (D:8)
  5 killer bees (D:8)
  4 crimson imps
  A quasit (D:5)
  2 hounds
  A centaur skeleton (D:7)
  2 human zombies (Ossuary)
  5 orc priests
  6 orc wizards
  A human skeleton (D:7)
  2 worker ants
  2 big kobold zombies (Ossuary)
  A hound skeleton (D:5)
  3 mummies (Ossuary)
  7 adders
  2 adder zombies (Ossuary)
  3 worms
  2 dart slugs
  7 leopard geckos
  23 orcs
  5 ball pythons
  11 giant cockroaches
  5 goblins
  8 hobgoblins
  4 jackals (D:1)
  11 kobolds
  A quokka (D:3)
  11 bats
  15 frilled lizards
  3 gnoll zombies (Ossuary)
  A goblin zombie (Ossuary)
  2 hobgoblin zombies (Ossuary)
  2 jackal zombies (Ossuary)
  4 kobold zombies (Ossuary)
  A leopard gecko skeleton (D:7)
  2 orc skeletons (D:7)
  3 orc zombies
  A quokka skeleton (D:4)
  4 quokka zombies (Ossuary)
  5 rats
  6 rat zombies (Ossuary)
193 creatures vanquished.

Vanquished Creatures (collateral kills)
  Prince Ribbit (D:5)
  Eustachio (D:4)
  An orc warrior (D:6)
  A phantom (D:6)
  A centaur (D:7)
  A bullfrog (D:6)
  An elf skeleton (D:7)
  A scorpion (D:5)
  A killer bee (D:8)
  A crimson imp (D:5)
  2 hounds
  An orc priest (D:5)
  An orc wizard (D:3)
  An ooze (D:6)
  4 orcs
19 creatures vanquished.

Grand Total: 212 creatures vanquished

Notes
Turn   | Place    | Note
-------+----------+-------------------------------------------
     0 | D:1      | Arum the Demonspawn Gladiator began the quest for the Orb.
     0 | D:1      | Reached XP level 1. HP: 16/16 MP: 1/1
   324 | D:1      | Gained mutation: A weak demonic guardian rushes to your
                  | aid. [demonic ancestry]
   324 | D:1      | Reached XP level 2. HP: 10/23 MP: 2/2
   993 | D:1      | Reached XP level 3. HP: 28/28 MP: 3/3
  2006 | D:2      | Reached XP level 4. HP: 30/35 MP: 4/4
  2788 | D:3      | Found a hazy altar of Hepliaklqana.
  2788 | D:3      | Found a shimmering altar of Xom.
  2790 | D:3      | Found a snail-covered altar of Cheibriados.
  2790 | D:3      | Found a hide-covered altar of Uskayaw.
  2790 | D:3      | Found a glowing golden altar of the Shining One.
  2790 | D:3      | Found a basalt altar of Yredelemnul.
  2790 | D:3      | Found an ancient bone altar of Kikubaaqudgha.
  2791 | D:3      | Found a shimmering blue altar of Sif Muna.
  2798 | D:3      | Gained mutation: You regenerate a little health from kills.
                  | [demonic ancestry]
  2798 | D:3      | Reached XP level 5. HP: 36/41 MP: 5/5
  2804 | D:3      | Became a worshipper of Cheibriados the Contemplative
  3372 | D:4      | Noticed Eustachio
  3383 | D:4      | Killed Eustachio
  3384 | D:4      | Gained mutation: You have a pair of small antennae on your
                  | head. [demonic ancestry]
  3384 | D:4      | Reached XP level 6. HP: 42/48 MP: 6/6
  3549 | D:4      | Reached * piety under Cheibriados
  4148 | D:5      | Entered Level 5 of the Dungeon
  4602 | D:5      | Reached skill level 1 in Invocations
  4602 | D:5      | Gained mutation: You have a pair of antennae on your head.
                  | [demonic ancestry]
  4602 | D:5      | Reached XP level 7. HP: 42/55 MP: 6/8
  4995 | D:5      | Noticed Prince Ribbit
  5353 | D:5      | Killed Prince Ribbit
  5353 | D:5      | Reached skill level 5 in Fighting
  5353 | D:5      | Reached skill level 5 in Long Blades
  5353 | D:5      | Reached skill level 5 in Dodging
  5739 | D:6      | Reached ** piety under Cheibriados
  5739 | D:6      | Gained mutation: You have a somewhat thin skeletal
                  | structure. (Dex +2, Stealth) [demonic ancestry]
  5739 | D:6      | Reached XP level 8. HP: 43/62 MP: 10/10
  5796 | D:6      | Found a staircase to the Ecumenical Temple.
  5818 | D:6      | Found a glowing drain.
  5832 | Sewer    | Entered a sewer
  6374 | D:6      | Reached *** piety under Cheibriados
  6411 | D:6      | Reached skill level 5 in Invocations
  6845 | D:7      | Found a stormy altar of Qazlal.
  6847 | D:7      | Noticed an air elemental
  7004 | D:7      | Found a sand-covered staircase.
  7045 | Ossuary  | Entered an ossuary
  7096 | Ossuary  | Reached XP level 9. HP: 71/71 MP: 13/13
  7126 | Ossuary  | Reached **** piety under Cheibriados
  7714 | D:8      | Reached ***** piety under Cheibriados
  7792 | D:8      | Found Piet's Food Shop.
  7798 | D:8      | Found a staircase to the Lair.
  7811 | D:8      | Slain by a warg

Levels and vault maps discovered:
D:1:      erik_arrival_cave_to_civilisation [erik_arrival_cave_to_hall],
          layout_basic
D:2:      layout_basic, minmay_tromino_v4_c
D:3:      layout_basic, grunt_temple_overflow_open, first_ration
D:4:      layout_cave_pods, minmay_strange_pillars, uniq_eustachio
D:5:      layout_loops_cross, uniq_prince_ribbit1
D:6:      layout_loops_ring, minmay_temple_entry_proselytizer,
          portal_sewer_entry_f
D:7:      layout_basic, nicolae_qazlal_style_of_elements,
          nicolae_ossuary_entry_catacombs
D:8:      layout_cave_pools, erik_lair_orcish_takeover, serial_shops, shop,
          minmay_quadrilaterals

Skill      XL: |  1  2  3  4  5  6  7  8 |
---------------+-------------------------+-----
Dodging        | 3 4 5 6 |  6.6
Long Blades    | 3 4 5 6 |  6.6
Fighting       | 3 4 5 6 |  6.9
Invocations    | 1 3 6 |  6.8
Throwing       | |  1.7

Action                   |  1- 3 |  4- 6 |  7- 9 || total
-------------------------+-------+-------+-------++-------
Melee: Long sword        |   154 |   202 |   380 ||   736
Throw: Throwing net      |       |       |     3 ||     3
Invok: Slouch            |       |       |     1 ||     1
  Use: Scroll            |     3 |       |     5 ||     8
       Potion            |       |     2 |     4 ||     6
 Stab: Sleeping          |     1 |       |       ||     1
       Distracted        |       |     1 |     2 ||     3
  Eat: Chunk             |     4 |     8 |     4 ||    16
       Ration            |       |       |     1 ||     1
Armor: Leather armour    |    13 |       |       ||    13
       Ring mail         |    68 |    90 |   101 ||   259
Dodge: Dodged            |   137 |   184 |   358 ||   679
       Rpst.: Long sword |    42 |    44 |   116 ||   202
